 Dungeon Sprint DCSS version 0.29.1-2-gbd0b4ee654 (webtiles) character file.

Game seed: 15235643239910393571

10400000 Ashen the Conqueror (level 27, -26/228 HPs)
             Began as a Djinni Warper on Oct 25, 2022.
             Was the Champion of Makhleb.
             Killed by the air
             ... invoked by a tyrant
              (37 damage)
             ... in the Dungeon (Sprint VIII: "Arena of Blood").
             The game lasted 00:06:39 (104 turns).

Ashen the Conqueror (Djinni Warper)                  Turns: 104, Time: 00:06:44

Health: -26/228    AC:  6    Str: 10    XL:     27
Gold:   0          EV: 25    Int: 28    God:    Makhleb [******] SH:  0 Dex: 14

rFire   + + .      SeeInvis +   i - +∞ Axe of Woe
rCold   x . .      Faith    .   (shield currently unavailable)
rNeg    . . .      Spirit   .   b - +0 leather armour
rPois   ∞          Reflect  .   (no helmet)
rElec   .          Harm     .   (no cloak)
rCorr   .          Rampage  .   (no gloves)
Will    ++...      NoTele   +   (boots unavailable)
Stlth   +++++++++.              (no amulet)
HPRegen 0.48/turn               j - ring of see invisible
MPRegen 0.00/turn               (no ring)

@: marked, flying, slowed, very slow
A: sickness immunity, fire resistance 2, cold vulnerability 1, float, innate
caster, HP casting, extra vitality 1
a: Renounce Religion, Minor Destruction, Lesser Servant of Makhleb, Major
Destruction, Greater Servant of Makhleb


You were in the Dungeon.
You worshipped Makhleb.
Makhleb was exalted by your worship.
You visited 1 branch

Inventory:

Hand Weapons
 a - a +0 hand axe
 i - the +∞ Axe of Woe (weapon)
   (You found it in the Dungeon)
Missiles
 d - 7 boomerangs of dispersal (quivered)
Armour
 b - a +0 leather armour (worn)
Jewellery
 j - a ring of see invisible (left hand)
Scrolls
 c - 2 scrolls of blinking
Potions
 e - a potion of curing
 f - a potion of heal wounds
 g - a potion of haste
 h - a potion of berserk rage


   Skills:
 O Level 27 Fighting
 O Level 27 Short Blades
 O Level 27 Long Blades
 O Level 27 Axes
 O Level 27 Maces & Flails
 O Level 27 Polearms
 O Level 27 Staves
 O Level 27 Ranged Weapons
 O Level 27 Throwing
 O Level 27 Armour
 O Level 27 Dodging
 O Level 27 Stealth
 O Level 27 Shields
 O Level 27 Unarmed Combat
 O Level 27 Spellcasting
 O Level 27 Invocations
 O Level 27 Evocations


You couldn't memorise any spells.
You knew the following spells:

 Your Spells              Type           Power      Damage    Failure   Level
a - Blink                 Tloc           100%       N/A       0%          2
b - Lesser Beckoning      Tloc           100%       N/A       0%          3
c - Gell's Gravitas       Tloc           100%       N/A       0%          3
d - Teleport Other        Tloc           100%       N/A       0%          3
e - Manifold Assault      Tloc           100%       N/A       0%          5
f - Apportation           Tloc           100%       N/A       0%          1
g - Static Discharge      Conj/Air       100%       3-16/arc  0%          2
h - Tukima's Dance        Hex            100%       N/A       0%          3
i - Dazzling Flash        Conj/Hex       100%       N/A       0%          3
j - Lightning Bolt        Conj/Air       56%        1d78      0%          5
k - Agony                 Necr           100%       N/A       0%          5
l - Summon Cactus Giant   Summ           56%        N/A       0%          6
m - Dispersal             Tloc           56%        N/A       0%          6
n - Ozocubu's Refrigerat  Ice            56%        4d19      0%          7
o - Enfeeble              Hex            56%        N/A       0%          7
p - Summon Hydra          Summ           56%        N/A       0%          7
q - Death's Door          Necr           56%        N/A       1%          9
r - Dragon's Call         Summ           56%        N/A       1%          9
Your spell library was empty.

Dungeon Overview and Level Annotations

Branches:
Dungeon (1/1)

Altars:
Makhleb


Innate Abilities, Weirdness & Mutations

You are immune to sickness and miasma.
You are immune to poison.
Your flesh is very heat resistant. (rF++)
You are vulnerable to cold. (rC-)
You float through the air rather than walking.
You learn spells naturally, not from books.
Your magical power is your life essence.
You have superior vitality. (+4 MHP)


Message History

Items here: )) == †.
Unknown command.
Unknown command.
You hit The Captor.
You cleave The Captor in twain.
You kill The Captor!
Makhleb accepts your kill.
You slash the tyrant!
You hew the tyrant savagely.
You destroy the tyrant!
Makhleb accepts your kill.
The large abomination disappears in a puff of smoke!
The tentacled monstrosity disappears in a puff of smoke!
The large abomination disappears in a puff of smoke! x2
You hit the tentacled monstrosity.
You butcher the tentacled monstrosity messily.
You kill the tentacled monstrosity!
The tentacled monstrosity disappears in a puff of smoke!
You slash the accursed!
You dissect the accursed like a pig carcass.
You destroy the accursed!
Makhleb accepts your kill.
You hit the tyrant but do no damage.
You butcher the tyrant messily.
You destroy the tyrant!
Makhleb accepts your kill.
The large abomination disappears in a puff of smoke!
The tentacled monstrosity disappears in a puff of smoke!
The large abomination disappears in a puff of smoke!
The tentacled monstrosity disappears in a puff of smoke!
You slice the bag of meat!!
You fatally mangle the bag of meat.
You kill the bag of meat!
Makhleb accepts your kill.
You feel extremely nervous for a moment...
Pain shoots through your body!
Your life is in your own hands again!
You step away from death's doorway.
A meat beast comes into view.
You hear a shout!
An observer comes into view.
You hear a shout!
The tyrant waves its bony arms in wide circles.
The air twists around and strikes you!!!
You die...

.......#_.<._#.........
......)#..)..#...o..#.#.
.#.....)2._.....W.......
.........###..)..MG§.#.#
....###.....W)###°......
O.....#...))).#.Oz§..X..
..)..#)..))..#.MVo...§.
...))).).....)§§°X§L...
..)))...)...§§)@§#...#.
....).))....).)§#oX..#
..))..)))G...)##§).D.#
...#.).O).)§#))..)V#..
.)......G....#))☼###...
...##.#.....).).......#
...........)).)........
#†...#)....####....
..............#.....


You could see 2 accurseds, a tentacled monstrosity (summoned), a tyrant (fast),
an eight-headed meat hydra, 2 destroyers, 3 observers, a sculptor of flesh, a
large bag of meat (inner flame), 2 large abominations, a meat berserker
(berserk) and 3 bags of meat.

Vanquished Creatures
  Sigmund (D)
  8 hell beasts (D)
  6 royal mummies (D)
  A great orb of eyes (D)
  6 wraiths (D)
  Harold (D)
  10 vampire knights (D)
  31 ogres (D)
  4 two-headed ogres (D)
  6 liches (D)
  3 hydras (D)
  6 phantoms (D)
  53 orcs (D)
  5 skeletal warriors (D)
141 creatures vanquished.

Vanquished Creatures (others)
  A two-headed ogre (D)
1 creature vanquished.

Grand Total: 142 creatures vanquished

Notes
Turn   | Place    | Note
-------+----------+-------------------------------------------
     0 | D        | Found the +∞ Axe of Woe
     0 | D        | Ashen the Djinni Warper began the quest for the Orb.
     0 | D        | Ashen set off with the following spells memorised: Blink,
                  | Lesser Beckoning, Gell's Gravitas, Teleport Other, Manifold
                  | Assault.
     0 | D        | Reached XP level 1. HP: 18/18 MP: 0/0
     1 | D        | Noticed a bag of meat
     3 | D        | Became a worshipper of Makhleb the Destroyer
     5 | D        | Noticed a bag of meat
     5 | D        | Noticed a meat berserker
     6 | D        | Killed a bag of meat
     6 | D        | Noticed a bag of meat
     7 | D        | Reached skill level 15 in Fighting
     7 | D        | Reached XP level 2. HP: 43/43 MP: 0/0
     7 | D        | Reached XP level 3. HP: 49/49 MP: 0/0
     7 | D        | Learned a level 1 spell: Apportation
     7 | D        | Reached XP level 4. HP: 55/55 MP: 0/0
     7 | D        | Reached XP level 5. HP: 60/60 MP: 0/0
     7 | D        | Learned a level 2 spell: Static Discharge
     7 | D        | Reached XP level 6. HP: 67/67 MP: 0/0
     7 | D        | Reached XP level 7. HP: 72/72 MP: 0/0
     7 | D        | Learned a level 3 spell: Tukima's Dance
     7 | D        | Reached XP level 8. HP: 78/78 MP: 0/0
     7 | D        | Reached XP level 9. HP: 84/84 MP: 0/0
     7 | D        | Learned a level 3 spell: Dazzling Flash
     7 | D        | Reached XP level 10. HP: 90/90 MP: 0/0
     7 | D        | Reached XP level 11. HP: 95/95 MP: 0/0
     7 | D        | Learned a level 5 spell: Lightning Bolt
     7 | D        | Killed a bag of meat
     7 | D        | Reached * piety under Makhleb
     7 | D        | Killed a bag of meat
     7 | D        | Killed a meat berserker
     8 | D        | Reached XP level 12. HP: 109/115 MP: 0/0
     8 | D        | Reached XP level 13. HP: 115/121 MP: 0/0
     8 | D        | Learned a level 5 spell: Agony
     8 | D        | Reached XP level 14. HP: 121/128 MP: 0/0
     8 | D        | Noticed a bag of meat
     8 | D        | Noticed a large bag of meat
     8 | D        | Noticed a bag of meat
     9 | D        | Killed a bag of meat
     9 | D        | Reached ** piety under Makhleb
     9 | D        | Killed a bag of meat
     9 | D        | Noticed a bag of meat
     9 | D        | Noticed a bag of meat
     9 | D        | Noticed a bag of meat
    10 | D        | Killed a bag of meat
    10 | D        | Killed a bag of meat
    10 | D        | Reached *** piety under Makhleb
    10 | D        | Killed a bag of meat
    11 | D        | Reached XP level 15. HP: 141/141 MP: 0/0
    11 | D        | Learned a level 6 spell: Summon Cactus Giant
    11 | D        | Killed a large bag of meat
    11 | D        | Noticed a large bag of meat
    12 | D        | Reached XP level 16. HP: 151/151 MP: 0/0
    12 | D        | Reached **** piety under Makhleb
    12 | D        | Killed a large bag of meat
    12 | D        | Noticed a meat berserker
    13 | D        | Reached skill level 27 in Fighting
    13 | D        | Reached XP level 17. HP: 160/160 MP: 0/0
    13 | D        | Learned a level 6 spell: Dispersal
    13 | D        | Noticed a meat berserker
    13 | D        | Noticed a meat berserker
    13 | D        | Noticed a meat berserker
    14 | D        | Killed a meat berserker
    14 | D        | Killed a meat berserker
    14 | D        | Reached ***** piety under Makhleb
    15 | D        | Reached skill level 27 in Axes
    15 | D        | Reached XP level 18. HP: 167/167 MP: 0/0
    15 | D        | Killed a meat berserker
    15 | D        | Noticed a meat berserker
    15 | D        | Noticed a meat berserker
    16 | D        | Reached skill level 27 in Spellcasting
    16 | D        | Noticed a meat berserker
    16 | D        | Noticed a meat berserker
    16 | D        | Noticed a meat berserker
    17 | D        | Killed a meat berserker
    17 | D        | Reached ****** piety under Makhleb
    17 | D        | Killed a meat berserker
    17 | D        | Noticed a meat berserker
    18 | D        | Reached skill level 27 in Dodging
    18 | D        | Reached XP level 19. HP: 174/174 MP: 0/0
    18 | D        | Learned a level 7 spell: Ozocubu's Refrigeration
    18 | D        | Killed a meat berserker
    18 | D        | Killed a meat berserker
    18 | D        | Killed a meat berserker
    19 | D        | Reached XP level 20. HP: 181/181 MP: 0/0
    19 | D        | Killed a meat berserker
    19 | D        | Killed a meat berserker
    19 | D        | Noticed a meat berserker
    20 | D        | Reached XP level 21. HP: 187/187 MP: 0/0
    20 | D        | Learned a level 7 spell: Enfeeble
    20 | D        | Killed a meat berserker
    21 | D        | Reached skill level 27 in Throwing
    21 | D        | Reached skill level 27 in Armour
    21 | D        | Noticed a destroyer
    22 | D        | Killed a destroyer
    23 | D        | Reached XP level 22. HP: 194/194 MP: 0/0
    23 | D        | Noticed a meat berserker
    23 | D        | Noticed a meat berserker
    24 | D        | Noticed a destroyer
    24 | D        | Noticed a destroyer
    24 | D        | Killed a destroyer
    24 | D        | Killed a meat berserker
    24 | D        | Killed a destroyer
    25 | D        | Reached skill level 10 in Maces & Flails
    25 | D        | Reached skill level 10 in Polearms
    25 | D        | Reached skill level 10 in Ranged Weapons
    25 | D        | Reached XP level 23. HP: 201/201 MP: 0/0
    25 | D        | Learned a level 7 spell: Summon Hydra
    28 | D        | Reached skill level 15 in Shields
    28 | D        | Reached skill level 15 in Unarmed Combat
    28 | D        | Reached skill level 15 in Invocations
    28 | D        | Reached skill level 15 in Evocations
    29 | D        | Noticed The Servant
    31 | D        | Reached skill level 15 in Short Blades
    31 | D        | Reached skill level 15 in Long Blades
    31 | D        | Reached skill level 15 in Staves
    31 | D        | Reached skill level 15 in Stealth
    31 | D        | Reached XP level 24. HP: 208/208 MP: 0/0
    31 | D        | Noticed a destroyer
    31 | D        | Killed The Servant
    31 | D        | Killed a destroyer
    31 | D        | Noticed a destroyer
    32 | D        | Reached skill level 15 in Maces & Flails
    32 | D        | Reached skill level 15 in Polearms
    32 | D        | Reached skill level 15 in Ranged Weapons
    34 | D        | Killed a destroyer
    35 | D        | Reached XP level 25. HP: 214/214 MP: 0/0
    35 | D        | Learned a level 9 spell: Death's Door
    46 | D        | Noticed an accursed
    47 | D        | Noticed a tyrant
    48 | D        | Killed an accursed
    49 | D        | Noticed an accursed
    50 | D        | Noticed a large bag of meat
    51 | D        | Reached skill level 27 in Stealth
    53 | D        | Killed a tyrant
    54 | D        | Noticed an accursed
    55 | D        | Noticed a tyrant
    55 | D        | Killed a large bag of meat
    56 | D        | Reached XP level 26. HP: 10/221 MP: 0/0
    56 | D        | Killed an accursed
    57 | D        | Noticed an accursed
    58 | D        | Noticed a tyrant
    58 | D        | Killed an accursed
    59 | D        | Reached XP level 27. HP: 11/228 MP: 0/0
    59 | D        | Learned a level 9 spell: Dragon's Call
    62 | D        | Killed a tyrant
    64 | D        | Noticed a tyrant
    66 | D        | Killed a tyrant
    68 | D        | Noticed a dread
    69 | D        | Noticed a meat beast
    69 | D        | Noticed a dread
    69 | D        | Killed an accursed
    71 | D        | Killed a meat beast
    71 | D        | Killed a dread
    71 | D        | Killed a dread
    72 | D        | Reached skill level 27 in Short Blades
    72 | D        | Reached skill level 27 in Long Blades
    72 | D        | Reached skill level 27 in Staves
    72 | D        | Reached skill level 27 in Shields
    72 | D        | Reached skill level 27 in Unarmed Combat
    72 | D        | Reached skill level 27 in Invocations
    72 | D        | Reached skill level 27 in Evocations
    72 | D        | Noticed a meat beast
    75 | D        | Reached skill level 27 in Maces & Flails
    75 | D        | Reached skill level 27 in Polearms
    75 | D        | Reached skill level 27 in Ranged Weapons
    75 | D        | Killed a meat beast
    75 | D        | Noticed a meat beast
    76 | D        | Killed a meat beast
    76 | D        | Noticed a meat beast
    76 | D        | Noticed a dread
    77 | D        | Killed a dread
    77 | D        | Killed a meat beast
    77 | D        | Noticed a destroyer
    78 | D        | Killed a destroyer
    79 | D        | Noticed a dread
    79 | D        | Noticed a tyrant
    80 | D        | Killed a tyrant
    80 | D        | Killed a dread
    82 | D        | Noticed an accursed
    82 | D        | Noticed a dread
    83 | D        | Noticed a destroyer
    84 | D        | Noticed a large bag of meat
    85 | D        | Killed a dread
    85 | D        | Noticed a meat beast
    85 | D        | Noticed a dread
    87 | D        | Noticed a destroyer
    88 | D        | Noticed a meat beast
    89 | D        | Killed a destroyer
    89 | D        | Noticed a meat beast
    90 | D        | Noticed a meat beast
    93 | D        | Noticed a destroyer
    93 | D        | Noticed a destroyer
    94 | D        | Killed a meat beast
    94 | D        | Killed an accursed
    94 | D        | Killed a meat beast
    94 | D        | Noticed The Captor
    95 | D        | Killed a meat beast
    95 | D        | Killed a meat beast
    95 | D        | Noticed a large bag of meat
    96 | D        | Noticed an accursed
    97 | D        | Killed a large bag of meat
    97 | D        | Noticed a tyrant
    98 | D        | Killed a dread
    98 | D        | Killed a destroyer
    98 | D        | Killed a destroyer
    98 | D        | Noticed a destroyer
    98 | D        | Noticed a large bag of meat
    99 | D        | Noticed a destroyer
    99 | D        | Noticed a tyrant
   100 | D        | Noticed a tyrant
   100 | D        | Killed a destroyer
   102 | D        | Noticed an accursed
   102 | D        | Killed a large bag of meat
   103 | D        | Noticed an accursed
   104 | D        | Killed The Captor
   104 | D        | Killed a tyrant
   104 | D        | Killed an accursed
   104 | D        | Killed a tyrant
   104 | D        | Noticed a meat beast
   104 | D        | Killed from afar by a tyrant

Illustrated notes

Levels and vault maps discovered:
D:        meatsprint

Skill      XL: |  1  2  3  4  5  6  7  8  9 10 11 12 13 14 15 16 17 18 19 20 21 22 23 24 25 26 27 |
---------------+----------------------------------------------------------------------------------+-----
Fighting       | 15 21 24 25 27 | 27.0
Axes           | 13 18 21 22 24 27 | 27.0
Spellcasting   | 12 16 19 20 22 26 27 | 27.0
Throwing       | 13 22 26 27 | 27.0
Armour         | 16 22 25 27 | 27.0
Dodging        | 27 | 27.0
Short Blades   | 8 12 15 18 20 22 27 | 27.0
Long Blades    | 8 11 15 17 19 21 27 | 27.0
Maces & Flails | 7 10 14 16 18 20 27 | 27.0
Polearms       | 7 10 14 16 18 20 27 | 27.0
Staves         | 8 11 15 17 19 21 27 | 27.0
Ranged Weapons | 7 10 14 16 18 20 27 | 27.0
Stealth        | 8 11 15 17 27 | 27.0
Shields        | 9 12 16 19 21 23 27 | 27.0
Unarmed Combat | 9 12 16 19 21 23 27 | 27.0
Invocations    | 9 12 16 19 21 23 27 | 27.0
Evocations     | 9 12 16 19 21 23 27 | 27.0

Action                   |  1- 3 |  4- 6 |  7- 9 | 10-12 | 13-15 | 16-18 | 19-21 | 22-24 | 25-27 || total
-------------------------+-------+-------+-------+-------+-------+-------+-------+-------+-------++-------
Melee: Executioner's axe |     1 |       |       |     3 |     6 |    15 |    13 |    19 |    46 ||   103
 Cast: Manifold Assault  |       |       |       |     1 |     3 |     4 |     4 |     7 |     7 ||    26
       Death's Door      |       |       |       |       |       |       |       |       |     2 ||     2
Dodge: Dodged            |       |       |       |       |       |       |       |       |    15 ||    15
